 Dungeon Crawl Stone Soup version 0.32-a0-576-g706899e69d (webtiles) character file.

Game seed: 6288174586325958095

51 BeKind the Chiller (level 3, 0/26 HPs)
             Began as a Demigod Ice Elementalist on Mar 2, 2024.
             Slain by a goblin
             ... wielding a +0 club
              (2 damage)
             ... on level 2 of the Dungeon.
             The game lasted 00:02:39 (1133 turns).

BeKind the Chiller (Demigod Ice Elementalist)       Turns: 1133, Time: 00:02:39

Health: 0/26       AC:  2    Str:  9    XL:     3   Next: 36%
Magic:  4/9        EV: 13    Int: 17    God:
Gold:   53         SH:  0    Dex: 18    Spells: 5/6 levels left

rFire   . . .        h - +0 dagger
rCold   . . .        (no shield)
rNeg    . . .        a - +0 robe
rPois   .            (no helmet)
rElec   .            (no cloak)
rCorr   .            (no gloves)
SInv    +            (no boots)
Will    .....        (no amulet)
Stlth   ++           c - ring of see invisible
HPRegen 0.24/turn    (no ring)
MPRegen 0.11/turn

%: no passive effects
@: very slightly contaminated
A: high MP 1, forlorn, divine attributes
a: no special abilities


You were on level 2 of the Dungeon.
You visited 1 branch of the dungeon, and saw 3 of its levels.

You collected 53 gold pieces.

Inventory:

Hand Weapons
 h - a +0 dagger (weapon)
Armour
 a - a +0 robe (worn)
Jewellery
 c - a ring of see invisible (left hand)
 f - a +4 ring of protection
Scrolls
 d - a scroll of identify {unknown}
 g - a scroll of fog {unknown}
 i - a scroll of poison {unknown}
 j - a scroll of blinking {unknown}
Potions
 b - a potion of magic
 e - a potion of heal wounds {unknown}


   Skills:
 + Level 2.3 Dodging
 + Level 2.4 Stealth
 + Level 2.3 Spellcasting
 + Level 3.9 Ice Magic


You had 5 spell levels left.
You knew the following spells:

 Your Spells              Type           Power      Damage    Failure   Level
a - Freeze                Ice            60%        1d7       3%          1

Your spell library contained the following spells:

 Spells                   Type           Power      Damage    Failure   Level
 Frozen Ramparts          Ice            30%        1d5       11%         3
 Ozocubu's Armour         Ice            15%        N/A       11%         3
 Summon Ice Beast         Ice/Summ       8%         N/A       26%         3


Dungeon Overview and Level Annotations

Branches:
Dungeon (3/15)


Innate Abilities, Weirdness & Mutations

You have an increased reservoir of magic. (+10% MP)
You shall have no god before yourself.
Your divine heritage dramatically boosts your attributes as you level up.


Message History

* * * LOW HITPOINT WARNING * * *
You see here 8 gold pieces.
A ball python comes into view.
Found a stone staircase leading up.
A ball python comes into view.
There is a stone staircase leading up here.
You climb upwards.
Found a robe.
Found a stone staircase leading down.
There is a stone staircase leading down here.
The kobold shouts!
You hear an angry hiss. x2
The goblin hits you with a +0 club.
* * * LOW HITPOINT WARNING * * *
You closely miss the goblin. The goblin closely misses you.
You barely miss the goblin. The goblin completely misses you.
You barely miss the goblin.
The giant cockroach waves its antennae.
A ball python comes into view.
The goblin hits you with a +0 club.
* * * LOW HITPOINT WARNING * * *
Casting: Freeze (safe; 3% risk of failure)
Confirm with . or Enter, or press ? or * to list all spells.
Aiming: Freeze (safe; 3% risk of failure)
Press: ? - help, Shift-Dir - straight line, f - giant cockroach
Aim: a giant cockroach You freeze the giant cockroach.
You kill the giant cockroach!
The goblin closely misses you.
A hobgoblin comes into view.
The kobold barely misses you.
Casting: Freeze (safe; 3% risk of failure)
Confirm with . or Enter, or press ? or * to list all spells.
Aiming: Freeze (safe; 3% risk of failure)
Press: ? - help, Shift-Dir - straight line, f - goblin
Aim: a goblin, wielding a +0 club You miscast Freeze.
You are very lightly contaminated with residual magic.
Nothing appears to happen.
The hobgoblin shouts!
The goblin hits you with a +0 club.
You die...

## ##.# #.>##
#####...##
#........#
#........#
#....g...# #
#...†@...#..#
#...K......#
#....>....##
............#
.#.S........#
....######..#
.... #..[
####. ...
g... #.... ..
...


You could see a hobgoblin, a goblin, a ball python and a kobold.

Vanquished Creatures
  3 dart slugs
  4 ball pythons
  An endoplasm (D:1)
  3 giant cockroaches
  2 goblins
  5 hobgoblins (D:1)
  4 jackals (D:2)
  2 kobolds (D:2)
  4 quokkas
  6 bats
  4 frilled lizards (D:1)
  2 rats
40 creatures vanquished.

Notes
Turn   | Place    | Note
-------+----------+-------------------------------------------
     0 | D:1      | BeKind the Demigod Ice Elementalist began the quest for the
                  | Orb.
     0 | D:1      | Reached XP level 1. HP: 14/14 MP: 5/5
   173 | D:1      | Reached XP level 2. HP: 12/20 MP: 0/7
   957 | D:2      | Reached XP level 3. HP: 26/26 MP: 6/8
  1133 | D:2      | Slain by a goblin

Illustrated notes

Levels and vault maps discovered:
D:1:      co_arrival_square_in_a_square_in_a_square, layout_rooms,
          minmay_octomino_j4
D:2:      layout_rooms, basic_altar
D:3:      cheibrodos_old_hovel, layout_rooms,
          shapermc_ecumenical_altar_acropolis, chequers_big_river,
          kennysheep_minor_cross

Skill      XL: |  1  2 |
---------------+-------+-----
Stealth        | 2 |  2.4
Dodging        | 2 |  2.3
Spellcasting   | 2 |  2.3
Ice Magic      | |  3.9

Action                     || total
---------------------------++-------
  Melee: Unarmed           ||    33
         Dagger            ||    13
   Cast: Freeze            ||    56
   Stab: Sleeping          ||     2
 Armour: Robe              ||    65
  Dodge: Dodged            ||    82

Table legend: (Time is in decaauts)
 A = Elapsed time spent in this place.
 B = Non-inter-level travel time spent in this place.
 C = Inter-level travel time spent in this place.
 D = Time resting spent in this place.
 E = Time spent auto-exploring this place.
 F = Levels seen in this place.
 G = Mean time per level.
                   A        B        C        D        E       F      G
               +--------+--------+--------+--------+--------+-----+--------+
         Total |   1131 |   1059 |     72 |      0 |    747 |   3 |  377.0 |
       Dungeon |   1131 |   1059 |     72 |      0 |    747 |   3 |  377.0 |
               +--------+--------+--------+--------+--------+-----+--------+

Top non-repeatable levels by time:
     D:1: 884 daAuts
     D:2: 226 daAuts
     D:3: 20 daAuts
